 Dungeon Crawl Stone Soup version 0.31-a0-237-g2d982f9f85 (webtiles) character file.

Game seed: 449771603153502438

253 qw the Shooter (level 6, 0/37 HPs)
             Began as a Gargoyle Hexslinger on July 11, 2023.
             Slain by a black bear (5 damage)
             ... on level 4 of the Dungeon.
             The game lasted 00:00:59 (2475 turns).

qw the Shooter (Gargoyle Hexslinger)                Turns: 2475, Time: 00:01:00

Health: 0/37       AC: 10    Str: 12    XL:     6   Next: 14%
Magic:  7/7        EV: 10    Int: 13    God:
Gold:   248        SH:  0    Dex: 14    Spells: 6/7 levels left

rFire   . . .        Y - +1 hand crossbow (freeze)
rCold   . . .        (no shield)
rNeg    + . .        a - +0 ring mail
rPois   inf          h - +0 helmet
rElec   +            (no cloak)
rCorr   .            (no gloves)
SInv    +            (no boots)
Will    .....        (no amulet)
Stlth   +            m - ring of see invisible
HPRegen 0.26/turn    (no ring)
MPRegen 0.10/turn

%: no passive effects
@: no status effects
A: sickness immunity, AC +4, negative energy resistance 1, electricity
resistance, torment resistance 1, petrification resistance
a: no special abilities


You were on level 4 of the Dungeon.
You visited 1 branch of the dungeon, and saw 4 of its levels.

You collected 248 gold pieces.


Innate Abilities, Weirdness & Mutations

You are immune to sickness and miasma.
Your stone body is resilient. (AC +4)
You are immune to poison.
You resist negative energy. (rN+)
You are resistant to electric shocks. (rElec)
You are resistant to unholy torment.
You are immune to petrification.


   Skills:
 - Level 3.4 Fighting
 + Level 5.2 Ranged Weapons
 - Level 1.3 Armour
 - Level 1.5 Dodging
 - Level 1.0 Spellcasting
 - Level 2.6 Hexes


You had 6 spell levels left.
You knew the following spells:

 Your Spells              Type           Power      Damage    Failure   Level
a - Slow                  Hex            28%        N/A       21%         1

Your spell library contained the following spells:

 Spells                   Type           Power      Damage    Failure   Level
 Inner Flame              Hex/Fire       4%         N/A       71%         3
 Portal Projectile        Hex/Tloc       8%         N/A       71%         3
 Cause Fear               Hex            3%         N/A       90%         4

Inventory:

Hand Weapons
 Y - a +1 hand crossbow of freezing (weapon)
Armour
 a - a +0 ring mail (worn)
 h - a +0 helmet (worn)
Jewellery
 m - a ring of see invisible (left hand)
Scrolls
 b - 2 scrolls of identify
 g - a scroll of teleportation {unknown}
 k - a scroll of enchant armour {unknown}
Potions
 c - a potion of enlightenment
 d - a potion of cancellation
 e - a potion of haste
 f - a potion of might
 i - a potion of heal wounds
 j - a potion of curing {unknown}

Dungeon Overview and Level Annotations

Branches:
Dungeon (4/15)
 Temple: D:4-7

Altars:
Dithmenos

Shops:
D:1 :


Message History

The black bear barely misses you.
The black bear claws you but does no damage.
The black bear closely misses you. The black bear bites you.
The black bear claws you but does no damage.
The black bear closely misses you.
You shoot a bolt.
The bolt hits the black bear but does no damage.
The black bear is moderately wounded.
The black bear bites you but does no damage.
The black bear claws you. x2
You shoot a bolt.
The bolt hits the black bear but does no damage.
The black bear is moderately wounded.
The black bear bites you. The black bear barely misses you.
The black bear claws you.
The black bear bites you but does no damage.
The black bear claws you but does no damage.
The black bear claws you.
You shoot a bolt. The bolt hits the black bear.
The bolt freezes the black bear.
The black bear is heavily wounded.
An ufetubus comes into view.
The black bear bites you but does no damage.
The black bear closely misses you.
The black bear claws you but does no damage.
The black bear bites you but does no damage.
The black bear claws you but does no damage.
The black bear barely misses you.
You shoot a bolt. The ufetubus shouts!
The bolt hits the black bear.
The bolt freezes the black bear.
The black bear is severely wounded.
The black bear goes berserk!
The black bear bites you. The black bear claws you.
The black bear claws you but does no damage.
You shoot a bolt.
The bolt hits the black bear but does no damage.
The black bear is severely wounded.
The black bear barely misses you. The black bear claws you.
The black bear barely misses you. The black bear bites you.
The black bear claws you.
You die...

#...............
#...............
#........%......
#.....%.........
#...............
######+#%...##+#########
.......#....#...........
.......#....'...........
.......#....#.5.@.......
#..#.#......#####h.###+#
############....#..# .#
#....#.... .#
#....#..... .#
#....#....... ##
#....######## ######


You could see a black bear (berserk) and an ufetubus.

Vanquished Creatures
  A hound (D:4)
  An orc priest (D:3)
  2 orc wizards (D:3)
  Robin (D:3)
  An adder (D:3)
  3 worms
  3 dart slugs (D:2)
  15 orcs
  8 endoplasms
  4 giant cockroaches
  12 goblins
  11 hobgoblins
  4 kobolds
  2 quokkas (D:1)
  6 ball pythons
  3 bats (D:1)
  5 frilled lizards
  6 rats
88 creatures vanquished.

Notes
Turn   | Place    | Note
-------+----------+-------------------------------------------
     0 | D:1      | qw the Gargoyle Hexslinger began the quest for the Orb.
     0 | D:1      | Reached XP level 1. HP: 12/12 MP: 2/2
     0 | D:1      | 0 ||| qw: Version: 0.3-a-52-g30416fa
     0 | D:1      | 0 ||| qw: Game counter: 5830
     0 | D:1      | 0 ||| qw: Melee chars always use a shield: true
     0 | D:1      | 0 ||| qw: God list: Okawaru
     0 | D:1      | 0 ||| qw: Allow faded altars: false
     0 | D:1      | 0 ||| qw: Do Orc after clearing Dungeon:15 true
     0 | D:1      | 0 ||| qw: Do second Lair branch before Depths: true
     0 | D:1      | 0 ||| qw: Lair rune preference: random
     0 | D:1      | 0 ||| qw: Goals: Normal
     0 | D:1      | 0 ||| PLANNING D:1-11
   131 | D:1      | Reached XP level 2. HP: 16/16 MP: 3/3
   360 | D:1      | Reached skill level 3 in Ranged Weapons
   682 | D:1      | Found Laodashe's Book Boutique.
  1149 | D:1      | Found a faded altar of an unknown god.
  1154 | D:1      | 1154 ||| UPGRADING to +0 helmet.
  1159 | D:1      | 1159 ||| UPGRADING to ring of see invisible.
  1160 | D:1      | 1160 ||| READING scroll labelled YDDIL NYOJ URR.
  1161 | D:1      | 1161 ||| READING scroll labelled MUCASK ZITIAM.
  1162 | D:1      | 1162 ||| READING scroll labelled CAXEEC VEULO.
  1162 | D:1      | Identified a scroll of acquirement
  1162 | D:1      | 1162 ||| ACQUIRING +1 hand crossbow of freezing
  1162 | D:1      | Acquired a +1 hand crossbow of freezing
  1164 | D:1      | 1164 ||| SWAPPING to +1 hand crossbow of freezing.
  1165 | D:1      | 1165 ||| DROPPING +1 sling.
  1166 | D:1      | 1166 ||| READING scroll labelled MOCOKY PASE.
  1167 | D:1      | 1167 ||| READING scroll labelled LAOR COCIV.
  1168 | D:1      | 1168 ||| DRINKING 2 orange potions.
  1169 | D:1      | 1169 ||| DROPPING scroll of poison.
  1170 | D:1      | 1170 ||| DROPPING potion of attraction.
  1199 | D:2      | Reached XP level 3. HP: 21/21 MP: 4/4
  1230 | D:2      | Identified the +11 sling "Doepnil" {flame, rN+}
  1471 | D:2      | 1471 ||| UPGRADING to +0 ring mail.
  1481 | D:2      | 1481 ||| DROPPING +0 robe.
  1482 | D:2      | 1482 ||| READING scroll labelled QITENU EHAA.
  1483 | D:2      | 1483 ||| DRINKING 2 silvery potions.
  1484 | D:2      | 1484 ||| READING 3 scrolls of identify.
  1484 | D:2      | 1484 ||| IDENTIFYING ruby potion
  1485 | D:2      | 1485 ||| READING 2 scrolls of identify.
  1485 | D:2      | 1485 ||| IDENTIFYING murky blue potion
  1486 | D:2      | 1486 ||| DROPPING potion of brilliance.
  1526 | D:3      | Found a shadowy altar of Dithmenos.
  1619 | D:3      | Reached skill level 1 in Armour
  1619 | D:3      | Reached XP level 4. HP: 26/26 MP: 5/5
  1690 | D:3      | Noticed Robin
  1692 | D:3      | 1692 ||| Stepping ~*~*~tactically~*~*~ (outnumbered).
  1694 | D:3      | 1694 ||| Stepping ~*~*~tactically~*~*~ (outnumbered).
  1695 | D:3      | Killed Robin
  1699 | D:3      | Reached skill level 4 in Ranged Weapons
  1746 | D:3      | 1746 ||| Stepping ~*~*~tactically~*~*~ (outnumbered).
  1754 | D:3      | Reached XP level 5. HP: 29/30 MP: 6/6
  1764 | D:3      | Reached skill level 5 in Ranged Weapons
  2166 | D:3      | 2166 ||| DRINKING 2 yellow potions.
  2167 | D:3      | 2167 ||| READING 4 scrolls of identify.
  2167 | D:3      | 2167 ||| IDENTIFYING bubbling dark potion
  2168 | D:3      | 2168 ||| READING 3 scrolls of identify.
  2168 | D:3      | 2168 ||| IDENTIFYING bubbling golden potion
  2449 | D:4      | Reached skill level 3 in Fighting
  2449 | D:4      | Reached XP level 6. HP: 37/37 MP: 7/7
  2467 | D:4      | Noticed a black bear
  2475 | D:4      | HP: 9/37 [black bear (6)]
  2475 | D:4      | Slain by a black bear

Levels and vault maps discovered:
D:1:      matt_arrival_spirals, layout_loops_corners,
          shapermc_ecumenical_altar_hornbeckon, serial_shops,
          nicolae_shop_tiny_glass, hangedman_feature_mirror
D:2:      layout_rooms
D:3:      layout_loops_ring, mainiacjoe_overflow_cross_hatched,
          kennysheep_cluttered_room, st_stairs_14, uniq_robin
D:4:      layout_gridville, grunt_ministairs_3, minmay_distorted

Skill      XL: |  1  2  3  4  5 |
---------------+----------------+-----
Ranged Weapons | 3 4 5 |  5.2
Fighting       | 2 3 |  3.4
Armour         | 1 |  1.3
Dodging        | |  1.5
Spellcasting   | |  1.0
Hexes          | |  2.6

Action                     |  1- 3 |  4- 6 || total
---------------------------+-------+-------++-------
   Fire: Sling             |    71 |       ||    71
         Hand crossbow     |    26 |   105 ||   131
    Use: Scroll            |     8 |     2 ||    10
         Potion            |     2 |     1 ||     3
 Armour: Robe              |    12 |       ||    12
         Ring mail         |     3 |    43 ||    46
  Dodge: Dodged            |    30 |    39 ||    69

Table legend:
 A = Non-vault XP
 B = Vault XP
 C = Vault XP percentage of total XP
 D = Non-vault monster count
 E = Vault monster count
 F = Vault count percentage of total count
                 A         B        C        D         E       F
            +---------+---------+-------+---------+---------+-------
      Total |     313 |      49 |  13.5 |      69 |      19 |  21.6
            +---------+---------+-------+---------+---------+-------
        D:1 |      26 |       7 |  21.2 |      17 |       4 |  19.0
        D:2 |      33 |       0 |   0.0 |      13 |       0 |   0.0
        D:3 |     185 |      37 |  16.7 |      29 |      12 |  29.3
        D:4 |      69 |       5 |   6.8 |      10 |       3 |  23.1
            +---------+---------+-------+---------+---------+-------
